 Dungeon Crawl Stone Soup version 0.17-a0-2014-g32cd421 (webtiles) character file.

4159 graki42 the Basher (level 10, 0/110 HPs)
             Began as an Ogre Berserker on Oct 9, 2015.
             Was an Elder of Trog.
             Slain by an ogre
             ... wielding a +0 giant spiked club
              (10 damage)
             ... on level 9 of the Dungeon.
             The game lasted 00:36:42 (10539 turns).

graki42 the Basher (Ogre Berserker)                Turns: 10539, Time: 00:36:42

Health: 0/110      AC:  6    Str: 27    XL:     10   Next: 28%
Magic:  10/10      EV: 13    Int:  6    God:    Trog [****..]
Gold:   301        SH:  0    Dex:  9    Spells: 0 memorised, 9 levels left

rFire  + . .     SeeInvis .     a - +0 mace
rCold  . . .     Clarity  .     G - +2 robe {MR+}
rNeg   . . .     SustAt   +     (no shield)
rPois  .         Gourm    .     (helmet restricted)
rElec  .         Spirit   .     F - +0 cloak (curse)
rCorr  .         Warding  .     (gloves unavailable)
rMut   .         Stasis   .     (boots unavailable)
MR     ++...                    (no amulet)
Stlth  +.........               A - ring of sustain attributes
                                u - ring of protection from fire

@: exhausted, very slightly contaminated, hasted, very quick, very resistant to
hostile enchantments, very unstealthy
A: unfitting armour, tough skin 1
a: Burn Spellbooks, Berserk, Trog's Hand, Brothers in Arms, Renounce Religion


You were on level 9 of the Dungeon.
You worshipped Trog.
Trog was greatly pleased with you.
You were hungry.

You visited 1 branch of the dungeon, and saw 9 of its levels.
You also visited: Sewer and Ossuary.

You collected 301 gold pieces.

Inventory:

Hand Weapons
 a - a +0 mace (weapon)
Missiles
 M - 4 large rocks (quivered)
Armour
 F - a cursed +0 cloak (worn)
 G - a +2 robe of magic resistance (worn)
Jewellery
 u - a ring of protection from fire (left hand)
 A - a ring of sustain attributes (right hand)
Wands
 e - a wand of confusion (17)
 f - a wand of hasting (3)
 g - a wand of slowing (24)
 q - a wand of flame (25)
 y - a wand of teleportation (4)
 D - a wand of magic darts (7)
Scrolls
 i - 5 scrolls of identify
 l - 4 scrolls of remove curse
 o - 2 scrolls of enchant armour
 w - a scroll of immolation
 x - a scroll of teleportation
 B - a scroll of blinking
 C - a scroll of recharging
 E - 5 scrolls of fog
Potions
 d - 3 potions of cure mutation {unknown}
 h - 3 potions of heal wounds
 j - 2 potions of haste
 k - 2 potions of resistance
 m - 3 potions of lignification {unknown}
 n - 3 potions of might
 p - 2 potions of mutation {unknown}
 r - 4 potions of magic {unknown}
 s - 2 potions of flight
 t - 9 potions of curing {unknown}
 z - 2 potions of agility
 H - a potion of berserk rage {unknown}
 K - a potion of ambrosia {unknown}
 N - a potion of degeneration {unknown}
Books
 b - a book of Callings

   Spells                             Type                      Level
   a - Summon Small Mammal            Summoning                    1
   b - Call Imp                       Summoning                    2
   c - Call Canine Familiar           Summoning                    3
   d - Summon Guardian Golem          Hexes/Summoning              3
   e - Summon Lightning Spire         Summoning/Air                4
   f - Summon Ice Beast               Ice/Summoning                4
   Trog disapproves of the use of such an item.
 I - a book of Conjurations

   Spells                             Type                      Level
   a - Magic Dart                     Conjuration                  1
   b - Searing Ray                    Conjuration                  2
   c - Dazzling Spray                 Conjuration/Hexes            3
   d - Fulminant Prism                Conjuration/Hexes            4
   e - Iskenderun's Mystic Blast      Conjuration                  4
   f - Iskenderun's Battlesphere      Conjuration/Charms           5
   Trog disapproves of the use of such an item.
Comestibles
 c - 4 bread rations
 v - a royal jelly
 J - 2 meat rations


   Skills:
 + Level 10.0 Fighting
 + Level 11.0 Maces & Flails
 + Level 9.5 Dodging
 - Level 1.2 Stealth
 + Level 0.4 Evocations


You had 9 spell levels left.
You didn't know any spells.

Dungeon Overview and Level Annotations

Branches:
Dungeon (9/15)             Temple (0/1) D:4
   Lair: D:8-11         Orc: D:9-12

Altars:
Ashenzari
Elyvilon
Makhleb
Nemelex Xobeh
Okawaru
Qazlal
Sif Muna
Trog
Vehumet
The Shining One

Shops:
D:6 }   D:8 *


Innate Abilities, Weirdness & Mutations

You are too large for most types of armour.
You have tough skin (AC +1).


Message History

The ogre is moderately wounded.
You feel yourself speed up. The ogre barely misses you.
You sock the ogre!
The ogre is almost dead.
The ogre hits you with a giant club.
* * * LOW HITPOINT WARNING * * *
You sock the ogre!
You kill the ogre!
Trog accepts your kill.
Your Fighting skill increases to level 10!
The ogre closely misses you.
You hit the ogre.
The ogre is lightly wounded.
You sock the ogre!
The ogre is heavily wounded.
You barely miss the ogre.
The ogre is heavily wounded.
The ogre hits you with a giant spiked club!
You die...

########
##.##...#
P.##.##.....
#)O..# .♣#
#@#### ### ♣
+♣.♣# ♣♣.♣.#
♣.P.P♣##
♣......♣
♣.....♣..♣#
.g)..g....#


You could see an ogre.

Vanquished Creatures
  Pikel (D:5)
  Sigmund (D:2)
  A water moccasin (D:8)
  A porcupine (D:9)
  A black bear (D:7)
  An ice beast (D:8)
  A slave (D:5)
  3 orc warriors
  A sky beast (D:6)
  An ogre (D:9)
  2 centaurs
  4 elf zombies (Ossuary)
  Blork the orc (D:6)
  4 giant frogs
  A scorpion (D:4)
  4 crimson imps
  4 killer bees (D:9)
  A quasit (D:5)
  2 gnoll shamans
  A centaur skeleton (D:5)
  4 centaur zombies (Ossuary)
  2 giant frog skeletons
  3 hounds
  A jelly (D:7)
  Crazy Yiuf (D:6)
  4 human zombies (Ossuary)
  An orc priest (D:9)
  Ijyb (D:2)
  5 worker ants
  3 iguanas
  3 orc wizards
  2 sheep (D:9)
  3 mummies (Ossuary)
  A hound skeleton (D:5)
  10 gnolls
  21 adders
  6 river rats
  An adder skeleton (D:5)
  5 oozes
  A worm (D:3)
  16 orcs
  9 ball pythons
  7 bats
  10 goblins
  9 hobgoblins
  12 jackals
  11 kobolds
  13 giant cockroaches
  4 giant geckos
  8 giant newts
  4 quokkas
  27 rats
244 creatures vanquished.

Vanquished Creatures (others)
  A slave (D:5)
  2 fungi (D:9)
  2 plants (D:9)
5 creatures vanquished.

Grand Total: 249 creatures vanquished

Notes
Turn   | Place    | Note
--------------------------------------------------------------
     0 | D:1      | graki42 the Ogre Berserker began the quest for the Orb.
     0 | D:1      | Reached XP level 1. HP: 24/24 MP: 1/1
   283 | D:1      | Reached XP level 2. HP: 26/33 MP: 2/2
   472 | D:1      | Reached XP level 3. HP: 33/40 MP: 3/3
   518 | D:1      | Acquired Trog's second power
   893 | D:2      | Reached skill level 5 in Fighting
  1228 | D:2      | Noticed Ijyb
  1239 | D:2      | Killed Ijyb
  1239 | D:2      | Reached XP level 4. HP: 41/50 MP: 4/4
  1265 | D:2      | Reached skill level 5 in Maces & Flails
  1297 | D:2      | Reached XP level 5. HP: 18/57 MP: 5/5
  1586 | D:2      | Noticed Sigmund
  1599 | D:2      | Killed Sigmund
  1599 | D:2      | Reached skill level 6 in Maces & Flails
  1599 | D:2      | Reached skill level 1 in Stealth
  1599 | D:2      | Reached XP level 6. HP: 67/67 MP: 6/6
  2888 | D:3      | Found a bloodstained altar of Trog.
  2888 | D:3      | Found an iron altar of Okawaru.
  3235 | D:4      | Found a sand-covered staircase.
  3246 | Ossuary  | Entered an ossuary
  3258 | Ossuary  | Reached XP level 7. HP: 69/75 MP: 7/7
  3314 | Ossuary  | Reached skill level 7 in Maces & Flails
  3314 | Ossuary  | Reached skill level 5 in Dodging
  4048 | Ossuary  | Reached XP level 8. HP: 57/84 MP: 8/8
  4473 | D:4      | Reached skill level 8 in Maces & Flails
  4797 | D:4      | Found a staircase to the Ecumenical Temple.
  4932 | D:5      | Entered Level 5 of the Dungeon
  5130 | D:5      | Found a deep blue altar of Sif Muna.
  5227 | D:5      | Found a burning altar of Makhleb.
  5228 | D:5      | Found a radiant altar of Vehumet.
  5428 | D:5      | Found a glowing drain.
  5450 | Sewer    | Entered a sewer
  5774 | Sewer    | Acquired Trog's third power
  6664 | D:5      | Noticed Pikel
  6678 | D:5      | Killed Pikel
  6678 | D:5      | Reached skill level 9 in Maces & Flails
  6678 | D:5      | Reached XP level 9. HP: 83/97 MP: 9/9
  7801 | D:6      | Noticed Blork the orc
  7915 | D:6      | Killed Blork the orc
  7922 | D:6      | Found a white marble altar of Elyvilon.
  7931 | D:6      | Found a sparkling altar of Nemelex Xobeh.
  8108 | D:6      | Found Warean's Gadget Shop.
  8128 | D:6      | Found a shattered altar of Ashenzari.
  8164 | D:6      | Found a glowing golden altar of the Shining One.
  8164 | D:6      | Found a stormy altar of Qazlal.
  8292 | D:6      | Noticed Crazy Yiuf
  8303 | D:6      | Killed Crazy Yiuf
  8550 | D:7      | Found a shattered altar of Ashenzari.
  8785 | D:7      | Reached skill level 10 in Maces & Flails
  9330 | D:8      | Received a gift from Trog
  9340 | D:8      | Found Amillonu's General Store.
  9500 | D:8      | Reached XP level 10. HP: 109/109 MP: 10/10
 10502 | D:9      | Reached skill level 11 in Maces & Flails
 10536 | D:9      | Reached skill level 10 in Fighting
 10539 | D:9      | Slain by an ogre

Vault maps used:
D:1:      dpeg_arrival_three_same_balls, hangedman_decor_lopped,
          lemuel_old_faithful
D:2:      serial_glass, glass_columns_a, glass_columns_a, patterned_corridor,
          uniq_iyjb, uniq_sigmund
D:3:      gammafunk_temple_overflow_elements, minivault_19
D:4:      minmay_temple_entry_metal_lava, lightli_ossuary_entry_decrepit_ruins
D:5:      grunt_temple_overflow_lords_of_destruction, kennysheep_mini_moat,
          first_bread, portal_sewer_entry_f, uniq_pikel
D:6:      gammafunk_temple_overflow_forgotten, grunt_temple_overflow_open,
          serial_shops, nicolae_shop_waterfront, uniq_crazy_yiuf_cottage,
          uniq_blork_the_orc
D:7:      basic_altar
D:8:      serial_shops, kennysheep_mini
D:9:      kennysheep_seaside_town, overflow_temple_1_default,
          minmay_lair_entry_grove, trog_wizard
Sewer:    sewer_minmay_w
Ossuary:  ossuary_minmay_four_chambers

Action                   |  1- 3 |  4- 6 |  7- 9 | 10-12 || total
-------------------------+-------+-------+-------+-------++-------
Melee: Mace              |   119 |   178 |   607 |   108 ||  1012
Invok: Berserk           |       |     3 |    11 |     2 ||    16
       Trog's Hand       |       |     1 |     6 |     3 ||    10
       Brothers in Arms  |       |       |     1 |       ||     1
Evoke: Wand              |     3 |       |     1 |       ||     4
  Use: Scroll            |       |       |    16 |     2 ||    18
       Potion            |       |       |       |     1 ||     1
 Stab: Sleeping          |     1 |     3 |     1 |       ||     5
  Eat: Chunk             |     1 |    10 |    19 |     5 ||    35
       Fruit             |       |       |     2 |       ||     2
       Meat ration       |       |       |     2 |       ||     2
       Beef jerky        |       |       |     1 |     1 ||     2
